 Dungeon Crawl Stone Soup version 0.29-a0-925-g0a7a3d12f8 (webtiles) character file.

Game seed: 5638597701126227379

103 ragingrage the Charlatan (level 4, -1/28 HPs)
             Began as a Gargoyle Artificer on July 29, 2022.
             Slain by a gnoll
             ... wielding a +2 flail of protection
              (2 damage)
             ... on level 3 of the Dungeon.
             The game lasted 00:03:36 (2553 turns).

ragingrage the Charlatan (Gargoyle Artificer)       Turns: 2553, Time: 00:03:36

Health: -1/28      AC:  9    Str: 17    XL:     4   Next: 79%
Magic:  4/4        EV: 10    Int: 12    God:
Gold:   172        SH:  0    Dex: 10    Spells: 3/3 levels left

rFire   + . .      SeeInvis .   f - +2 mace (holy)
rCold   . . .      Faith    +   (no shield)
rNeg    + . .      Spirit   .   B - +0 ring mail
rPois   ∞          Reflect  .   (no helmet)
rElec   +          Harm     .   (no cloak)
rCorr   .          Rampage  .   (no gloves)
Will    .....                   (no boots)
Stlth   +.........              o - amulet of faith
HPRegen 0.09/turn               n - ring of protection from fire
MPRegen 0.09/turn               (no ring)

@: no status effects
A: sickness immunity, AC +3, negative energy resistance 1, electricity
resistance, torment resistance 1, petrification resistance
a: no special abilities


You were on level 3 of the Dungeon.
You visited 1 branch of the dungeon, and saw 3 of its levels.

You collected 172 gold pieces.

Inventory:

Hand Weapons
 f - a +2 mace of holy wrath (weapon)
Missiles
 m - 4 poisoned darts
Armour
 B - a +0 ring mail (worn)
Jewellery
 n - a ring of protection from fire (left hand)
 o - an amulet of faith (around neck)
Wands
 c - a wand of flame (9) (quivered)
 d - a wand of charming (7)
 e - a wand of iceblast (9)
Scrolls
 b - a scroll of noise {unknown}
 h - 5 scrolls of identify {unknown}
 i - 4 scrolls of enchant weapon {unknown}
 j - 4 scrolls of teleportation {unknown}
 l - 2 scrolls of enchant armour {unknown}
 p - a scroll of silence {unknown}
 q - a scroll of magic mapping {unknown}
 u - a scroll of summoning {unknown}
 v - a scroll of blinking {unknown}
 y - a scroll of amnesia {unknown}
Potions
 a - a potion of invisibility {unknown}
 g - a potion of flight {unknown}
 k - a potion of lignification {unknown}
 r - a potion of berserk rage {unknown}
 s - a potion of mutation {unknown}
 t - a potion of magic {unknown}
 w - a potion of curing {unknown}
 x - a potion of heal wounds {unknown}
 z - 2 potions of might {unknown}
 A - a potion of cancellation {unknown}


   Skills:
 + Level 3.4 Fighting
 - Level 2.1 Armour
 - Level 0.7 Dodging
 - Level 1.1 Stealth
 + Level 3.9 Evocations


You had 3 spell levels left.
You didn't know any spells.
Your spell library was empty.

Dungeon Overview and Level Annotations

Branches:
Dungeon (3/15)

Altars:


Innate Abilities, Weirdness & Mutations

You are immune to sickness and miasma.
Your stone body is resilient. (AC +3)
You are immune to poison.
You resist negative energy. (rN+)
You are resistant to electric shocks. (rElec)
You are resistant to unholy torment.
You are immune to petrification.


Message History

The gnoll hits your gnoll with a +2 flail of protection!
The gnoll barely misses your gnoll.
Your gnoll barely misses the gnoll.
The gnoll hits your gnoll with a +2 flail of protection.
Your gnoll dies!
Aiming: Throw Flame
Press: ? - help, Shift-Dir - straight line, f - gnoll
Aim: a gnoll, wielding a +2 flail of protection (75% to hit)
The puff of flame hits the gnoll.
The gnoll is heavily wounded.
Aiming: Throw Flame
Press: ? - help, Shift-Dir - straight line, f/p - gnoll
Aim: a gnoll, wielding a +2 flail of protection (heavily wounded, 75% to hit)
The puff of flame misses the gnoll.
The gnoll hits you with a +2 flail of protection.
Aiming: Throw Flame
Press: ? - help, Shift-Dir - straight line, f/p - gnoll
Aim: a gnoll, wielding a +2 flail of protection (heavily wounded, 75% to hit)
The puff of flame hits the gnoll but does no damage.
The gnoll is heavily wounded.
The gnoll barely misses you.
Aiming: Throw Flame
Press: ? - help, Shift-Dir - straight line, f/p - gnoll
Aim: a gnoll, wielding a +2 flail of protection (heavily wounded, 75% to hit)
The puff of flame hits the gnoll.
The gnoll is heavily wounded.
The gnoll hits you with a +2 flail of protection!
Aiming: Throw Flame
Press: ? - help, Shift-Dir - straight line, f/p - gnoll
Aim: a gnoll, wielding a +2 flail of protection (heavily wounded, 75% to hit)
The puff of flame hits the gnoll but does no damage.
The gnoll is heavily wounded.
The gnoll hits you with a +2 flail of protection!
* * * LOW HITPOINT WARNING * * *
Aiming: Throw Flame
Press: ? - help, Shift-Dir - straight line, f/p - gnoll
Aim: a gnoll, wielding a +2 flail of protection (heavily wounded, 75% to hit)
The puff of flame hits the gnoll but does no damage.
The gnoll is heavily wounded.
The gnoll hits you with a +2 flail of protection.
You die...

##..........##
##............##
#..............##
................##
.................#
.[...)...........#
......#..#.......###
.......##........'.#
.......##....[..@g.#
......#..#.......#†#
.................# #
..........†......#
................##
#....).........##
##............## #.#
##..........## #.#
##........## #.#


You could see a gnoll.

Vanquished Creatures
  4 adders (D:2)
  A dart slug (D:3)
  3 bats
  3 endoplasms
  4 giant cockroaches
  2 goblins
  7 hobgoblins
  3 kobolds
  5 quokkas
  6 ball pythons
  6 frilled lizards
  4 rats (D:1)
48 creatures vanquished.

Vanquished Creatures (collateral kills)
  A gnoll (D:3)
  An endoplasm (D:1)
  A giant cockroach (D:3)
  A hobgoblin (D:2)
4 creatures vanquished.

Vanquished Creatures (others)
  2 gnolls (D:3)
  A goblin (D:1)
3 creatures vanquished.

Grand Total: 55 creatures vanquished

Notes
Turn   | Place    | Note
-------+----------+-------------------------------------------
     0 | D:1      | ragingrage the Gargoyle Artificer began the quest for the
                  | Orb.
     0 | D:1      | Reached XP level 1. HP: 12/12 MP: 1/1
   446 | D:1      | Reached XP level 2. HP: 17/17 MP: 2/2
   872 | D:1      | Reached XP level 3. HP: 21/21 MP: 3/3
  1259 | D:1      | Found a faded altar of an unknown god.
  1928 | D:2      | Reached XP level 4. HP: 23/28 MP: 4/4
  2552 | D:3      | HP: 1/28 [gnoll/+2 flail of protection (9)]
  2553 | D:3      | Slain by a gnoll

Illustrated notes

Levels and vault maps discovered:
D:1:      amcnicky_arrival_blooded_trapdoor, layout_rooms,
          hellmonk_ecumenical_altar_inner_sanctum, hex_medium,
          minmay_pentomino_w4
D:2:      layout_basic, dreamdust_wishing_well
D:3:      kennysheep_big_flooded_room, layout_loops_ring,
          mainiacjoe_overflow_alcove_2, minmay_ruptured

Skill      XL: |  1  2  3 |
---------------+----------+-----
Evocations     | 3 |  3.9
Fighting       | 2 3 |  3.4
Armour         | |  2.1
Dodging        | |  0.7
Stealth        | |  1.1

Action                   |  1- 3 |  4- 6 || total
-------------------------+-------+-------++-------
Melee: Mace              |   115 |    34 ||   149
       Punch             |       |     1 ||     1
Evoke: Wand              |     5 |     9 ||    14
Armor: Leather armour    |    67 |    20 ||    87
Dodge: Dodged            |   100 |    22 ||   122

Table legend: (Time is in decaauts)
 A = Elapsed time spent in this place.
 B = Non-inter-level travel time spent in this place.
 C = Inter-level travel time spent in this place.
 D = Time resting spent in this place.
 E = Time spent auto-exploring this place.
 F = Levels seen in this place.
 G = Mean time per level.
                   A        B        C        D        E       F      G
               +--------+--------+--------+--------+--------+-----+--------+
         Total |   2611 |   2558 |     53 |    371 |   1698 |   3 |  870.3 |
       Dungeon |   2611 |   2558 |     53 |    371 |   1698 |   3 |  870.3 |
               +--------+--------+--------+--------+--------+-----+--------+

Top non-repeatable levels by time:
     D:1: 1348 daAuts
     D:2: 1054 daAuts
     D:3: 209 daAuts
